MapleLeafs vs Thrashers

Created - February 8 2010 at 17:41

Goals
1 2 3 T
MapleLeafs 1 3 2 6
Thrashers 0 1 1 2
Shots
1 2 3 T
MapleLeafs 8 10 18 36
Thrashers 2 14 10 26

Period #1

1. MapleLeafs , Steve Ott 10 (Claude Giroux, Dustin Boyd) at 14:33

Penalties :
Guillaume Latendresse (ATL) for Holding (Minor) at 0:15, James Wisniewski (ATL) for High sticking (Minor) at 2:18, Matt Greene (TOR) for Goalie Interference (Minor) at 11:29, Luke Schenn (TOR) for Holding (Minor) at 11:34, Stephane Veilleux (TOR) for Cross-checking (Minor) at 14:34

Period #2

2. MapleLeafs , Chuck Kobasew 7 (Mark Streit) at 5:43
3. MapleLeafs , Claude Giroux 8 (Steve Ott, Dustin Boyd) at 11:43
4. MapleLeafs , Mark Streit 7 (Jason Blake) at 13:54 (SH)
5. Thrashers , Jarret Stoll 6 (Dave Bolland, James Wisniewski) at 15:32

Penalties :
Matt Greene (TOR) for Tripping (Minor) at 0:43, Stephane Veilleux (TOR) for Roughing (Minor) at 9:27, Stephane Veilleux (TOR) for Interference (Minor) at 13:27

Period #3

6. Thrashers , Nik Antropov 10 (Dennis Wideman, Martin St. Louis) at 0:38
7. MapleLeafs , Blake Wheeler 14 (Doug Weight) at 18:09
8. MapleLeafs , Peter Mueller 2 (Mark Streit, Ian Laperriere) at 18:37

Penalties :
Steve Ott (TOR) for High sticking (Minor) at 1:01, Rene Bourque (ATL) for Goalie Interference (Minor) at 3:04, Steve Ott (TOR) for Holding (Minor) at 7:12, Marc Staal (ATL) for Slashing (Minor) at 12:07, Luke Schenn (TOR) for Roughing (Minor) at 14:34, Steve Ott (TOR) for Hooking (Minor) at 19:57

Goalie Stats

Mike Smith (TOR), 24 saves from 26 shots - (0.923), W, 22-22-2, 60:00 minutes
Brian Elliott (ATL), 13 saves from 17 shots - (0.765), L, 6-6-2, 33:54 minutes
Roberto Luongo (ATL), 17 saves from 19 shots - (0.895), 26:06 minutes

Players Stats

MapleLeafs
Player Name              G  A  P  +/- PIM S  H  SB FO    MP 
------------------------------------------------------------
Andreas Lilja            0  0  0   3  0   1  3  1  0/0   21 
Blake Wheeler            1  0  1   1  0   9  0  0  0/0   14 
Chuck Kobasew            1  0  1   0  0   7  0  0  0/1   13 
Claude Giroux            1  1  2   1  0   1  0  0  0/1   14 
Doug Weight              0  1  1   1  0   3  0  0  10/25 18 
Dustin Boyd              0  2  2   2  0   1  0  0  10/19 15 
Garnet Exelby            0  0  0   1  0   0  1  0  0/0   14 
Greg Zanon               0  0  0   0  0   0  0  1  0/0   21 
Ian Laperriere           0  1  1   1  0   1  1  0  0/0   6  
Jason Blake              0  1  1   1  0   3  0  0  6/14  19 
Joel Perrault            0  0  0   1  0   0  0  0  2/6   6  
Luke Schenn              0  0  0   1  4   0  0  1  0/0   17 
Mark Streit              1  2  3   2  0   2  0  1  0/0   23 
Matt Greene              0  0  0   0  4   0  4  1  0/0   19 
Peter Mueller            1  0  1   1  0   1  0  0  1/1   6  
Ryan Smyth               0  0  0   1  0   2  3  0  2/3   21 
Stephane Veilleux        0  0  0   1  6   3  4  0  7/21  14 
Steve Ott                1  1  2   1  6   2  1  0  1/2   19 
Thrashers
Player Name              G  A  P  +/- PIM S  H  SB FO    MP 
------------------------------------------------------------
Adrian Aucoin            0  0  0  -1  0   0  0  1  0/0   14 
Brenden Morrow           0  0  0   0  0   4  6  1  4/8   23 
Brian Rolston            0  0  0  -1  0   1  0  0  2/3   21 
Dan Girardi              0  0  0  -1  0   0  1  0  0/0   6  
Dave Bolland             0  1  1  -1  0   2  0  1  11/15 16 
Dennis Wideman           0  1  1  -3  0   4  2  1  0/0   23 
Filip Kuba               0  0  0  -2  0   3  1  1  0/0   20 
Guillaume Latendresse    0  0  0  -5  2   1  5  0  0/4   21 
James Wisniewski         0  1  1  -1  2   0  4  1  0/0   12 
Jarret Stoll             1  0  1  -1  0   1  1  0  4/7   9  
Jordan Staal             0  0  0   0  0   0  0  0  0/0   0  
Marc Staal               0  0  0   0  2   0  1  2  0/0   22 
Martin St. Louis         0  1  1  -2  0   6  0  0  0/0   24 
Mike Ribeiro             0  0  0  -2  0   0  0  0  14/28 23 
Nik Antropov             1  0  1   0  0   4  0  0  19/27 19 
Rene Bourque             0  0  0   0  2   0  5  0  0/1   12 
Ryan Malone              0  0  0   0  0   0  1  0  0/0   5  
Sergei Zubov             0  0  0   0  0   0  1  2  0/0   22 

3 Stars

1 - Mark Streit (TOR)
2 - Claude Giroux (TOR)
3 - Dustin Boyd (TOR)

Power Play

MapleLeafs - 0 on 4 Attempt(s) - 0.00%
Thrashers - 0 on 10 Attempt(s) - 0.00%

Penalty Kill

MapleLeafs - 10 on 10 Attempt(s) - 100.00% - Score 1 goal in Penalty Kill
Thrashers - 4 on 4 Attempt(s) - 100.00% - Score 0 goal in Penalty Kill

Game Notes

The goal is going for a video replay. The goal is refused.
Roberto Luongo enters game at 13:54 of 2nd period

Finance

Level 1 -- Attendance: 6000 (100.00%) -- Ticket Income $540,000.00
Level 2 -- Attendance: 5000 (100.00%) -- Ticket Income $235,000.00
Level 3 -- Attendance: 3500 (100.00%) -- Ticket Income $105,000.00
Level 4 -- Attendance: 2655 (81.69%) -- Ticket Income $53,100.00
Luxury Box -- Attendance: 952 (95.20%) -- Ticket Income $161,840.00
Game was played at the Philips Arena
Total Attendance: 18107 (96.57%)
Total Ticket Income: $1,106,563.00
Other Income: $178,163.40
Total Income: $1,284,726.00


Play by Play

Period #1

0:01 of 1st period - Doug Weight wins face-off versus Nik Antropov in neutral zone.
0:01 of 1st period - Doug Weight is hit by Guillaume Latendresse.
0:15 of 1st period - Minor Penalty to Guillaume Latendresse for Holding.
0:16 of 1st period - Brenden Morrow wins face-off versus Stephane Veilleux in Thrashers zone.
0:16 of 1st period - Brenden Morrow is hit by Stephane Veilleux.
1:03 of 1st period - Off-side.
1:04 of 1st period - Brenden Morrow wins face-off versus Doug Weight in neutral zone.
1:22 of 1st period - Shot by Jason Blake.
1:22 of 1st period - Shot Misses the Net.
1:26 of 1st period - Shot by Mark Streit.
1:26 of 1st period - Shot Misses the Net.
1:28 of 1st period - Shot by Mark Streit.
1:28 of 1st period - Shot Misses the Net.
1:30 of 1st period - Shot by Andreas Lilja.
1:30 of 1st period - Stopped by Brian Elliott without a rebound.
1:31 of 1st period - Nik Antropov wins face-off versus Doug Weight in Thrashers zone.
2:17 of 1st period - Claude Giroux is hit by James Wisniewski and loses puck.
2:18 of 1st period - Minor Penalty to James Wisniewski for High sticking.
2:19 of 1st period - Brenden Morrow wins face-off versus Stephane Veilleux in Thrashers zone.
2:44 of 1st period - Shot by Ryan Smyth.
2:44 of 1st period - Shot Blocked by Sergei Zubov.
2:48 of 1st period - Shot by Blake Wheeler.
2:48 of 1st period - Shot Blocked by Brenden Morrow.
3:09 of 1st period - Shot by Chuck Kobasew.
3:09 of 1st period - Stopped by Brian Elliott without a rebound.
3:10 of 1st period - Stephane Veilleux wins face-off versus Guillaume Latendresse in Thrashers zone.
3:15 of 1st period - Shot by Ryan Smyth.
3:15 of 1st period - Deflect By Blake Wheeler.
3:15 of 1st period - Stopped by Brian Elliott without a rebound.
3:16 of 1st period - Jason Blake wins face-off versus Guillaume Latendresse in Thrashers zone.
3:17 of 1st period - Shot by Mark Streit.
3:17 of 1st period - Shot Blocked by Filip Kuba.
3:21 of 1st period - Shot by Mark Streit.
3:21 of 1st period - Stopped by Brian Elliott with a rebound.
3:30 of 1st period - Icing by Luke Schenn.
3:31 of 1st period - Jason Blake wins face-off versus Brenden Morrow in MapleLeafs zone.
4:55 of 1st period - Shot by Claude Giroux.
4:55 of 1st period - Shot Misses the Net.
5:25 of 1st period - Matt Greene is hit by Jarret Stoll.
5:26 of 1st period - Icing by Matt Greene.
5:27 of 1st period - Stephane Veilleux wins face-off versus Mike Ribeiro in MapleLeafs zone.
5:34 of 1st period - Shot by Blake Wheeler.
5:34 of 1st period - Stopped by Brian Elliott without a rebound.
5:35 of 1st period - Joel Perrault wins face-off versus Dave Bolland in Thrashers zone.
5:49 of 1st period - Martin St. Louis is hit by Andreas Lilja and loses puck.
6:54 of 1st period - Sergei Zubov is hit by Steve Ott and loses puck.
7:07 of 1st period - Greg Zanon is hit by Rene Bourque and loses puck.
9:44 of 1st period - Shot by Blake Wheeler.
9:44 of 1st period - Stopped by Brian Elliott without a rebound.
9:45 of 1st period - Nik Antropov wins face-off versus Doug Weight in Thrashers zone.
9:54 of 1st period - Shot by Nik Antropov.
9:54 of 1st period - Shot Misses the Net.
9:56 of 1st period - Shot by Martin St. Louis.
9:56 of 1st period - Shot Misses the Net.
9:58 of 1st period - Shot by Martin St. Louis.
9:58 of 1st period - Stopped by Mike Smith without a rebound.
9:59 of 1st period - Stephane Veilleux wins face-off versus Mike Ribeiro in MapleLeafs zone.
10:15 of 1st period - Rene Bourque is hit by Stephane Veilleux and loses puck.
10:20 of 1st period - Shot by Ryan Smyth.
10:20 of 1st period - Stopped by Brian Elliott without a rebound.
10:21 of 1st period - Nik Antropov wins face-off versus Doug Weight in Thrashers zone.
11:29 of 1st period - Minor Penalty to Matt Greene for Goalie Interference.
11:30 of 1st period - Nik Antropov wins face-off versus Doug Weight in MapleLeafs zone.
11:34 of 1st period - Minor Penalty to Luke Schenn for Holding.
11:35 of 1st period - Ryan Smyth wins face-off versus Mike Ribeiro in MapleLeafs zone.
13:00 of 1st period - Ryan Smyth is hit by Rene Bourque and loses puck.
14:07 of 1st period - Off-side.
14:08 of 1st period - Jarret Stoll wins face-off versus Claude Giroux in neutral zone.
14:33 of 1st period - Shot by Steve Ott.
14:33 of 1st period - Goal by Steve Ott - MapleLeafs : 1 - Thrashers : 0.
14:34 of 1st period - Dave Bolland wins face-off versus Stephane Veilleux in neutral zone.
14:34 of 1st period - Minor Penalty to Stephane Veilleux for Cross-checking.
14:35 of 1st period - Nik Antropov wins face-off versus Doug Weight in MapleLeafs zone.
14:39 of 1st period - Brenden Morrow is hit by Matt Greene.
16:02 of 1st period - Icing by Martin St. Louis.
16:03 of 1st period - Doug Weight wins face-off versus Mike Ribeiro in Thrashers zone.
16:48 of 1st period - Shot by Jarret Stoll.
16:48 of 1st period - Shot Misses the Net.
17:03 of 1st period - Claude Giroux is hit by James Wisniewski and loses puck.
17:26 of 1st period - Shot by Ian Laperriere.
17:26 of 1st period - Shot Misses the Net.
18:38 of 1st period - Ryan Smyth is hit by James Wisniewski and loses puck.
18:45 of 1st period - Shot by Brenden Morrow.
18:45 of 1st period - Shot Misses the Net.
18:47 of 1st period - Shot by Brenden Morrow.
18:47 of 1st period - Stopped by Mike Smith without a rebound.
18:48 of 1st period - Dustin Boyd wins face-off versus Mike Ribeiro in MapleLeafs zone.
19:04 of 1st period - Dustin Boyd is hit by Marc Staal and loses puck.

Period #2

0:01 of 2nd period - Nik Antropov wins face-off versus Doug Weight in neutral zone.
0:29 of 2nd period - Shot by Martin St. Louis.
0:29 of 2nd period - Shot Blocked by Andreas Lilja.
0:31 of 2nd period - Shot by Dennis Wideman.
0:31 of 2nd period - Shot Misses the Net.
0:33 of 2nd period - Shot by Filip Kuba.
0:33 of 2nd period - Stopped by Mike Smith without a rebound.
0:34 of 2nd period - Mike Ribeiro wins face-off versus Stephane Veilleux in MapleLeafs zone.
0:34 of 2nd period - Rene Bourque is hit by Matt Greene.
0:43 of 2nd period - Minor Penalty to Matt Greene for Tripping.
0:44 of 2nd period - Doug Weight wins face-off versus Brian Rolston in MapleLeafs zone.
0:44 of 2nd period - Mark Streit is hit by Brenden Morrow.
1:18 of 2nd period - Shot by Nik Antropov.
1:18 of 2nd period - Shot Misses the Net.
1:36 of 2nd period - Shot by Dennis Wideman.
1:36 of 2nd period - Stopped by Mike Smith without a rebound.
1:37 of 2nd period - Doug Weight wins face-off versus Mike Ribeiro in MapleLeafs zone.
1:52 of 2nd period - Icing by Dennis Wideman.
1:53 of 2nd period - Mike Ribeiro wins face-off versus Doug Weight in Thrashers zone.
2:02 of 2nd period - Shot by Dennis Wideman.
2:02 of 2nd period - Stopped by Mike Smith without a rebound.
2:03 of 2nd period - Jason Blake wins face-off versus Nik Antropov in MapleLeafs zone.
2:03 of 2nd period - Mark Streit is hit by Brenden Morrow and loses puck.
2:10 of 2nd period - Shot by Nik Antropov.
2:10 of 2nd period - Shot Hit the Post.
2:12 of 2nd period - Shot by Brenden Morrow.
2:12 of 2nd period - Deflect By Brian Rolston.
2:12 of 2nd period - Shot Blocked by Mark Streit.
2:14 of 2nd period - Shot by Brenden Morrow.
2:14 of 2nd period - Stopped by Mike Smith without a rebound.
2:15 of 2nd period - Mike Ribeiro wins face-off versus Doug Weight in MapleLeafs zone.
2:20 of 2nd period - Shot by Martin St. Louis.
2:20 of 2nd period - Stopped by Mike Smith without a rebound.
2:21 of 2nd period - Nik Antropov wins face-off versus Jason Blake in MapleLeafs zone.
2:26 of 2nd period - Shot by Nik Antropov.
2:26 of 2nd period - Deflect By Brenden Morrow.
2:26 of 2nd period - Shot Misses the Net.
2:36 of 2nd period - Shot by Nik Antropov.
2:36 of 2nd period - Stopped by Mike Smith without a rebound.
2:37 of 2nd period - Doug Weight wins face-off versus Mike Ribeiro in MapleLeafs zone.
3:00 of 2nd period - Shot by Claude Giroux.
3:00 of 2nd period - Shot Misses the Net.
3:02 of 2nd period - Shot by Garnet Exelby.
3:02 of 2nd period - Shot Misses the Net.
3:12 of 2nd period - Steve Ott is hit by Guillaume Latendresse and loses puck.
3:29 of 2nd period - Shot by Ryan Smyth.
3:29 of 2nd period - Shot Misses the Net.
3:33 of 2nd period - Shot by Ryan Smyth.
3:33 of 2nd period - Shot Misses the Net.
3:35 of 2nd period - Shot by Stephane Veilleux.
3:35 of 2nd period - Stopped by Brian Elliott without a rebound.
3:36 of 2nd period - Mike Ribeiro wins face-off versus Joel Perrault in Thrashers zone.
4:29 of 2nd period - Ryan Smyth is hit by Dennis Wideman and loses puck.
5:32 of 2nd period - Off-side.
5:33 of 2nd period - Dave Bolland wins face-off versus Doug Weight in neutral zone.
5:43 of 2nd period - Shot by Chuck Kobasew.
5:43 of 2nd period - Goal by Chuck Kobasew - MapleLeafs : 2 - Thrashers : 0.
5:44 of 2nd period - Mike Ribeiro wins face-off versus Dustin Boyd in neutral zone.
6:05 of 2nd period - Icing by Claude Giroux.
6:06 of 2nd period - Dave Bolland wins face-off versus Dustin Boyd in MapleLeafs zone.
6:06 of 2nd period - James Wisniewski is hit by Garnet Exelby and loses puck.
6:23 of 2nd period - Shot by Dave Bolland.
6:23 of 2nd period - Stopped by Mike Smith without a rebound.
6:24 of 2nd period - Mike Ribeiro wins face-off versus Doug Weight in MapleLeafs zone.
6:25 of 2nd period - Shot by Rene Bourque.
6:25 of 2nd period - Shot Misses the Net.
7:03 of 2nd period - Shot by Chuck Kobasew.
7:03 of 2nd period - Shot Misses the Net.
7:05 of 2nd period - Shot by Jason Blake.
7:05 of 2nd period - Stopped by Brian Elliott without a rebound.
7:06 of 2nd period - Ryan Smyth wins face-off versus Nik Antropov in Thrashers zone.
7:06 of 2nd period - Ryan Smyth is hit by Filip Kuba.
7:10 of 2nd period - Shot by Blake Wheeler.
7:10 of 2nd period - The goal is going for a video replay.
7:10 of 2nd period - The goal is refused.
7:11 of 2nd period - Nik Antropov wins face-off versus Ryan Smyth in Thrashers zone.
7:11 of 2nd period - Nik Antropov is hit by Ryan Smyth.
7:37 of 2nd period - Shot by Ryan Smyth.
7:37 of 2nd period - Stopped by Brian Elliott without a rebound.
7:38 of 2nd period - Dustin Boyd wins face-off versus Dave Bolland in Thrashers zone.
7:56 of 2nd period - Steve Ott is hit by Brenden Morrow and loses puck.
8:45 of 2nd period - Icing by Adrian Aucoin.
8:46 of 2nd period - Dave Bolland wins face-off versus Stephane Veilleux in Thrashers zone.
8:48 of 2nd period - Mike Ribeiro is hit by Ryan Smyth and loses puck.
8:52 of 2nd period - James Wisniewski is hit by Ryan Smyth and loses puck.
9:23 of 2nd period - Ryan Smyth is hit by Dennis Wideman and loses puck.
9:27 of 2nd period - Minor Penalty to Stephane Veilleux for Roughing.
9:28 of 2nd period - Nik Antropov wins face-off versus Jason Blake in MapleLeafs zone.
10:44 of 2nd period - Chuck Kobasew is hit by Guillaume Latendresse.
11:27 of 2nd period - Off-side.
11:28 of 2nd period - Nik Antropov wins face-off versus Dustin Boyd in neutral zone.
11:41 of 2nd period - Shot by Dustin Boyd.
11:41 of 2nd period - Shot Misses the Net.
11:43 of 2nd period - Shot by Steve Ott.
11:43 of 2nd period - Deflect By Claude Giroux.
11:43 of 2nd period - Goal by Claude Giroux - MapleLeafs : 3 - Thrashers : 0.
11:44 of 2nd period - Jarret Stoll wins face-off versus Stephane Veilleux in neutral zone.
11:59 of 2nd period - Shot by Ryan Smyth.
11:59 of 2nd period - Deflect By Blake Wheeler.
11:59 of 2nd period - Stopped by Brian Elliott without a rebound.
12:00 of 2nd period - Mike Ribeiro wins face-off versus Dustin Boyd in Thrashers zone.
12:11 of 2nd period - Shot by Claude Giroux.
12:11 of 2nd period - Shot Misses the Net.
12:13 of 2nd period - Shot by Garnet Exelby.
12:13 of 2nd period - Shot Blocked by Marc Staal.
12:17 of 2nd period - Shot by Claude Giroux.
12:17 of 2nd period - Shot Misses the Net.
12:43 of 2nd period - Shot by Nik Antropov.
12:43 of 2nd period - Shot Misses the Net.
13:00 of 2nd period - Icing by Andreas Lilja.
13:01 of 2nd period - Doug Weight wins face-off versus Dave Bolland in MapleLeafs zone.
13:24 of 2nd period - Shot by Doug Weight.
13:24 of 2nd period - Stopped by Brian Elliott without a rebound.
13:25 of 2nd period - Jarret Stoll wins face-off versus Stephane Veilleux in Thrashers zone.
13:27 of 2nd period - Minor Penalty to Stephane Veilleux for Interference.
13:28 of 2nd period - Nik Antropov wins face-off versus Jason Blake in MapleLeafs zone.
13:35 of 2nd period - Shot by Filip Kuba.
13:35 of 2nd period - Stopped by Mike Smith without a rebound.
13:36 of 2nd period - Mike Ribeiro wins face-off versus Doug Weight in MapleLeafs zone.
13:52 of 2nd period - Icing by Martin St. Louis.
13:53 of 2nd period - Jason Blake wins face-off versus Guillaume Latendresse in Thrashers zone.
13:54 of 2nd period - Shot by Mark Streit.
13:54 of 2nd period - Goal by Mark Streit - MapleLeafs : 4 - Thrashers : 0.
13:54 of 2nd period - Roberto Luongo enters game.
13:55 of 2nd period - Nik Antropov wins face-off versus Steve Ott in neutral zone.
14:10 of 2nd period - Shot by Brian Rolston.
14:10 of 2nd period - Deflect By Nik Antropov.
14:10 of 2nd period - Stopped by Mike Smith without a rebound.
14:11 of 2nd period - Jason Blake wins face-off versus Nik Antropov in MapleLeafs zone.
14:17 of 2nd period - Icing by Sergei Zubov.
14:18 of 2nd period - Nik Antropov wins face-off versus Jason Blake in Thrashers zone.
15:00 of 2nd period - Shot by Filip Kuba.
15:00 of 2nd period - Shot Misses the Net.
15:20 of 2nd period - Shot by Dennis Wideman.
15:20 of 2nd period - Stopped by Mike Smith without a rebound.
15:21 of 2nd period - Mike Ribeiro wins face-off versus Jason Blake in MapleLeafs zone.
15:30 of 2nd period - Shot by Dave Bolland.
15:30 of 2nd period - Shot Blocked by Luke Schenn.
15:32 of 2nd period - Shot by Jarret Stoll.
15:32 of 2nd period - Goal by Jarret Stoll - MapleLeafs : 4 - Thrashers : 1.
15:33 of 2nd period - Dave Bolland wins face-off versus Stephane Veilleux in neutral zone.
15:46 of 2nd period - Icing by James Wisniewski.
15:47 of 2nd period - Dave Bolland wins face-off versus Joel Perrault in Thrashers zone.
15:56 of 2nd period - Shot by Guillaume Latendresse.
15:56 of 2nd period - Stopped by Mike Smith without a rebound.
15:57 of 2nd period - Dustin Boyd wins face-off versus Mike Ribeiro in MapleLeafs zone.
15:59 of 2nd period - Icing by Steve Ott.
16:00 of 2nd period - Dustin Boyd wins face-off versus Mike Ribeiro in MapleLeafs zone.
16:00 of 2nd period - Dustin Boyd is hit by Rene Bourque.
16:05 of 2nd period - Icing by Steve Ott.
16:06 of 2nd period - Nik Antropov wins face-off versus Dustin Boyd in MapleLeafs zone.
16:34 of 2nd period - Shot by Martin St. Louis.
16:34 of 2nd period - Stopped by Mike Smith without a rebound.
16:35 of 2nd period - Brian Rolston wins face-off versus Chuck Kobasew in MapleLeafs zone.
16:52 of 2nd period - Shot by Chuck Kobasew.
16:52 of 2nd period - Stopped by Roberto Luongo without a rebound.
16:53 of 2nd period - Dave Bolland wins face-off versus Stephane Veilleux in Thrashers zone.
17:06 of 2nd period - Stephane Veilleux is hit by Brenden Morrow and loses puck.
17:15 of 2nd period - Shot by Dave Bolland.
17:15 of 2nd period - Stopped by Mike Smith without a rebound.
17:16 of 2nd period - Mike Ribeiro wins face-off versus Joel Perrault in MapleLeafs zone.
17:16 of 2nd period - Mike Ribeiro is hit by Andreas Lilja.
17:33 of 2nd period - Marc Staal is hit by Ian Laperriere and loses puck.
18:57 of 2nd period - Icing by Luke Schenn.
18:58 of 2nd period - Dustin Boyd wins face-off versus Nik Antropov in MapleLeafs zone.
18:58 of 2nd period - Steve Ott is hit by Brenden Morrow and loses puck.
19:11 of 2nd period - Claude Giroux is hit by Brenden Morrow and loses puck.
19:29 of 2nd period - Icing by Garnet Exelby.
19:30 of 2nd period - Dustin Boyd wins face-off versus Mike Ribeiro in MapleLeafs zone.

Period #3

0:01 of 3rd period - Nik Antropov wins face-off versus Doug Weight in neutral zone.
0:19 of 3rd period - Martin St. Louis is hit by Andreas Lilja and loses puck.
0:28 of 3rd period - Shot by Martin St. Louis.
0:28 of 3rd period - Stopped by Mike Smith with a rebound.
0:30 of 3rd period - Shot by Martin St. Louis.
0:30 of 3rd period - Shot Misses the Net.
0:34 of 3rd period - Shot by Martin St. Louis.
0:34 of 3rd period - Stopped by Mike Smith with a rebound.
0:38 of 3rd period - Shot by Nik Antropov.
0:38 of 3rd period - Goal by Nik Antropov - MapleLeafs : 4 - Thrashers : 2.
0:39 of 3rd period - Stephane Veilleux wins face-off versus Mike Ribeiro in neutral zone.
0:56 of 3rd period - Shot by Ryan Smyth.
0:56 of 3rd period - Deflect By Blake Wheeler.
0:56 of 3rd period - Stopped by Roberto Luongo with a rebound.
0:58 of 3rd period - Shot by Matt Greene.
0:58 of 3rd period - Shot Misses the Net.
1:00 of 3rd period - Shot by Stephane Veilleux.
1:00 of 3rd period - Stopped by Roberto Luongo without a rebound.
1:01 of 3rd period - Dave Bolland wins face-off versus Dustin Boyd in Thrashers zone.
1:01 of 3rd period - Minor Penalty to Steve Ott for High sticking.
1:02 of 3rd period - Doug Weight wins face-off versus Nik Antropov in MapleLeafs zone.
1:30 of 3rd period - Shot by Brian Rolston.
1:30 of 3rd period - Shot Blocked by Greg Zanon.
1:32 of 3rd period - Shot by Brenden Morrow.
1:32 of 3rd period - Stopped by Mike Smith without a rebound.
1:33 of 3rd period - Jason Blake wins face-off versus Mike Ribeiro in MapleLeafs zone.
1:33 of 3rd period - Jason Blake is hit by Guillaume Latendresse.
1:44 of 3rd period - Off-side.
1:45 of 3rd period - Mike Ribeiro wins face-off versus Jason Blake in neutral zone.
1:48 of 3rd period - Shot by Mike Ribeiro.
1:48 of 3rd period - Shot Misses the Net.
2:46 of 3rd period - Greg Zanon is hit by Guillaume Latendresse and loses puck.
3:04 of 3rd period - Minor Penalty to Rene Bourque for Goalie Interference.
3:05 of 3rd period - Brenden Morrow wins face-off versus Stephane Veilleux in Thrashers zone.
3:27 of 3rd period - Icing by Greg Zanon.
3:28 of 3rd period - Stephane Veilleux wins face-off versus Brenden Morrow in MapleLeafs zone.
4:07 of 3rd period - Shot by Jason Blake.
4:07 of 3rd period - Deflect By Chuck Kobasew.
4:07 of 3rd period - Stopped by Roberto Luongo without a rebound.
4:08 of 3rd period - Nik Antropov wins face-off versus Stephane Veilleux in Thrashers zone.
4:43 of 3rd period - Shot by Blake Wheeler.
4:43 of 3rd period - Stopped by Roberto Luongo without a rebound.
4:44 of 3rd period - Doug Weight wins face-off versus Brenden Morrow in Thrashers zone.
4:57 of 3rd period - Shot by Chuck Kobasew.
4:57 of 3rd period - Shot Misses the Net.
5:01 of 3rd period - Shot by Chuck Kobasew.
5:01 of 3rd period - Stopped by Roberto Luongo with a rebound.
5:05 of 3rd period - Shot by Doug Weight.
5:05 of 3rd period - Stopped by Roberto Luongo without a rebound.
5:06 of 3rd period - Dustin Boyd wins face-off versus Jarret Stoll in Thrashers zone.
5:34 of 3rd period - Dustin Boyd is hit by Dan Girardi.
6:06 of 3rd period - Shot by Joel Perrault.
6:06 of 3rd period - Shot Misses the Net.
6:08 of 3rd period - Shot by Ian Laperriere.
6:08 of 3rd period - Stopped by Roberto Luongo without a rebound.
6:09 of 3rd period - Brian Rolston wins face-off versus Stephane Veilleux in Thrashers zone.
6:14 of 3rd period - Greg Zanon is hit by Rene Bourque and loses puck.
6:27 of 3rd period - Marc Staal is hit by Stephane Veilleux and loses puck.
6:38 of 3rd period - Shot by Blake Wheeler.
6:38 of 3rd period - Shot Misses the Net.
6:40 of 3rd period - Shot by Stephane Veilleux.
6:40 of 3rd period - Stopped by Roberto Luongo without a rebound.
6:41 of 3rd period - Doug Weight wins face-off versus Dave Bolland in Thrashers zone.
6:58 of 3rd period - Shot by Jason Blake.
6:58 of 3rd period - Stopped by Roberto Luongo without a rebound.
6:59 of 3rd period - Dustin Boyd wins face-off versus Nik Antropov in Thrashers zone.
7:12 of 3rd period - Minor Penalty to Steve Ott for Holding.
7:13 of 3rd period - Nik Antropov wins face-off versus Doug Weight in MapleLeafs zone.
8:04 of 3rd period - Shot by Martin St. Louis.
8:04 of 3rd period - Shot Misses the Net.
8:06 of 3rd period - Shot by Filip Kuba.
8:06 of 3rd period - Shot Blocked by Matt Greene.
8:08 of 3rd period - Shot by Dennis Wideman.
8:08 of 3rd period - Stopped by Mike Smith with a rebound.
9:11 of 3rd period - Dennis Wideman is hit by Matt Greene.
9:19 of 3rd period - Shot by Steve Ott.
9:19 of 3rd period - Shot Misses the Net.
9:21 of 3rd period - Shot by Steve Ott.
9:21 of 3rd period - Stopped by Roberto Luongo without a rebound.
9:22 of 3rd period - Dave Bolland wins face-off versus Dustin Boyd in Thrashers zone.
9:41 of 3rd period - Shot by Dustin Boyd.
9:41 of 3rd period - Stopped by Roberto Luongo without a rebound.
9:42 of 3rd period - Peter Mueller wins face-off versus Jarret Stoll in Thrashers zone.
10:28 of 3rd period - Icing by Dennis Wideman.
10:29 of 3rd period - Dustin Boyd wins face-off versus Jarret Stoll in Thrashers zone.
10:40 of 3rd period - Shot by Luke Schenn.
10:40 of 3rd period - Shot Blocked by Dennis Wideman.
11:16 of 3rd period - Shot by Chuck Kobasew.
11:16 of 3rd period - Stopped by Roberto Luongo with a rebound.
11:23 of 3rd period - Jason Blake is hit by James Wisniewski and loses puck.
11:32 of 3rd period - Shot by Chuck Kobasew.
11:32 of 3rd period - Shot Misses the Net.
11:34 of 3rd period - Shot by Mark Streit.
11:34 of 3rd period - Shot Blocked by James Wisniewski.
11:57 of 3rd period - Icing by Greg Zanon.
11:58 of 3rd period - Stephane Veilleux wins face-off versus Rene Bourque in MapleLeafs zone.
11:58 of 3rd period - Stephane Veilleux is hit by Rene Bourque.
12:07 of 3rd period - Minor Penalty to Marc Staal for Slashing.
12:08 of 3rd period - Nik Antropov wins face-off versus Stephane Veilleux in Thrashers zone.
12:08 of 3rd period - Nik Antropov is hit by Stephane Veilleux.
12:26 of 3rd period - Shot by Ryan Smyth.
12:26 of 3rd period - Deflect By Blake Wheeler.
12:26 of 3rd period - Shot Blocked by Sergei Zubov.
12:33 of 3rd period - Blake Wheeler is hit by Sergei Zubov and loses puck.
13:01 of 3rd period - Shot by Chuck Kobasew.
13:01 of 3rd period - Shot Blocked by Dave Bolland.
13:03 of 3rd period - Shot by Jason Blake.
13:03 of 3rd period - Stopped by Roberto Luongo with a rebound.
13:05 of 3rd period - Shot by Andreas Lilja.
13:05 of 3rd period - Shot Misses the Net.
13:07 of 3rd period - Shot by Doug Weight.
13:07 of 3rd period - Shot Misses the Net.
13:09 of 3rd period - Shot by Chuck Kobasew.
13:09 of 3rd period - Stopped by Roberto Luongo with a rebound.
13:22 of 3rd period - Icing by Ryan Smyth.
13:23 of 3rd period - Stephane Veilleux wins face-off versus Guillaume Latendresse in MapleLeafs zone.
13:36 of 3rd period - Shot by Blake Wheeler.
13:36 of 3rd period - Stopped by Roberto Luongo with a rebound.
13:38 of 3rd period - Shot by Blake Wheeler.
13:38 of 3rd period - Shot Misses the Net.
13:40 of 3rd period - Shot by Ryan Smyth.
13:40 of 3rd period - Shot Misses the Net.
14:04 of 3rd period - Shot by Mark Streit.
14:04 of 3rd period - Shot Blocked by Adrian Aucoin.
14:14 of 3rd period - Shot by Rene Bourque.
14:14 of 3rd period - Deflect By Brian Rolston.
14:14 of 3rd period - Stopped by Mike Smith without a rebound.
14:15 of 3rd period - Dustin Boyd wins face-off versus Mike Ribeiro in MapleLeafs zone.
14:34 of 3rd period - Minor Penalty to Luke Schenn for Roughing.
14:35 of 3rd period - Steve Ott wins face-off versus Nik Antropov in MapleLeafs zone.
14:54 of 3rd period - Shot by Nik Antropov.
14:54 of 3rd period - Stopped by Mike Smith without a rebound.
14:55 of 3rd period - Mike Ribeiro wins face-off versus Jason Blake in MapleLeafs zone.
16:22 of 3rd period - Off-side.
16:23 of 3rd period - Dave Bolland wins face-off versus Jason Blake in neutral zone.
16:26 of 3rd period - Ryan Smyth is hit by Ryan Malone and loses puck.
17:02 of 3rd period - Shot by Chuck Kobasew.
17:02 of 3rd period - Shot Misses the Net.
18:09 of 3rd period - Shot by Blake Wheeler.
18:09 of 3rd period - Goal by Blake Wheeler - MapleLeafs : 5 - Thrashers : 2.
18:10 of 3rd period - Joel Perrault wins face-off versus Brenden Morrow in neutral zone.
18:37 of 3rd period - Shot by Peter Mueller.
18:37 of 3rd period - Goal by Peter Mueller - MapleLeafs : 6 - Thrashers : 2.
18:38 of 3rd period - Nik Antropov wins face-off versus Dustin Boyd in neutral zone.
18:45 of 3rd period - Shot by Martin St. Louis.
18:45 of 3rd period - Stopped by Mike Smith with a rebound.
19:03 of 3rd period - Shot by Martin St. Louis.
19:03 of 3rd period - Deflect By Nik Antropov.
19:03 of 3rd period - Shot Misses the Net.
19:05 of 3rd period - Shot by Filip Kuba.
19:05 of 3rd period - Stopped by Mike Smith without a rebound.
19:06 of 3rd period - Mike Ribeiro wins face-off versus Stephane Veilleux in MapleLeafs zone.
19:20 of 3rd period - Icing by Rene Bourque.
19:21 of 3rd period - Doug Weight wins face-off versus Mike Ribeiro in Thrashers zone.
19:24 of 3rd period - Shot by Jason Blake.
19:24 of 3rd period - Shot Blocked by Marc Staal.
19:26 of 3rd period - Shot by Andreas Lilja.
19:26 of 3rd period - Deflect By Doug Weight.
19:26 of 3rd period - Stopped by Roberto Luongo without a rebound.
19:27 of 3rd period - Dave Bolland wins face-off versus Joel Perrault in Thrashers zone.
19:40 of 3rd period - Shot by Brenden Morrow.
19:40 of 3rd period - Stopped by Mike Smith without a rebound.
19:41 of 3rd period - Jarret Stoll wins face-off versus Dustin Boyd in MapleLeafs zone.
19:57 of 3rd period - Minor Penalty to Steve Ott for Hooking.
19:58 of 3rd period - Mike Ribeiro wins face-off versus Doug Weight in MapleLeafs zone.
19:58 of 3rd period - Mike Ribeiro is hit by Matt Greene.


Output by the SimonT Hockey Simulator (STHS) for Stephane Roy -- Original Page W3C XHTML 1.0 Valid